 Dungeon Crawl Stone Soup version 0.25-a0-598-gc9c9e4cfe1 (webtiles) character file.

Game seed: 14508182106907922345, levelgen mode: classic

79851 EnegeticOcto the Champion of Chaos (level 15, 0/146 HPs)
             Began as a Deep Dwarf Fighter on Mar 15, 2020.
             Was the Champion of Makhleb.
             Succumbed to a merfolk's poison
             ... on level 1 of the Shoals.
             The game lasted 00:16:31 (16605 turns).

EnegeticOcto the Champion of Chaos (DDFi)          Turns: 16605, Time: 00:16:31

Health: 0/146      AC: 23    Str: 30    XL:     15   Next: 22%
Magic:  0/0        EV: 10    Int:  8    God:    Makhleb [******]
Gold:   1341       SH: 18    Dex: 12    Spells: 14/14 levels left

rFire    + . .     SeeInvis .   a - +1 broad axe
rCold    . . .     Gourm    .   G - +2 kite shield
rNeg     + + .     Faith    .   I - +3 chain mail {rF+}
rPois    .         Spirit   .   y - +0 helmet
rElec    .         Reflect  +   g - +0 cloak
rCorr    .         Harm     .   K - +2 pair of gloves of Sunlight {*Drain rN+ MR+ Str+3}
MR       +++..                  B - +0 pair of boots
Stlth    ..........             o - +3 amulet of reflection
HPRegen  0.00/turn              s - +2 ring of slaying
MPRegen  0.07/turn              (no ring)

@: lethally poisoned (0 -> -25), flying, mesmerised, non-regenerating
A: damage resistance, heal wounds, negative energy resistance 1, sense
surroundings 2, no regeneration
a: Heal Wounds, Minor Destruction, Lesser Servant of Makhleb, Major Destruction,
Greater Servant of Makhleb, Renounce Religion


You were on level 1 of the Shoals.
You worshipped Makhleb.
Makhleb was exalted by your worship.
You were not hungry.

You visited 4 branches of the dungeon, and saw 22 of its levels.
You also visited: Sewer, Ossuary and Volcano.

You collected 2243 gold pieces.
You spent 902 gold pieces at shops.

Inventory:

Hand Weapons
 a - a +1 broad axe (weapon)
 C - a +4 scimitar of flaming
Missiles
 H - 5 throwing nets (quivered)
Armour
 g - a +0 cloak (worn)
 y - a +0 helmet (worn)
 B - a +0 pair of boots (worn)
 G - a +2 kite shield (worn)
 I - a +3 chain mail of fire resistance (worn)
 K - the +2 pair of gloves of Sunlight (worn) {*Drain rN+ MR+ Str+3}
   (You bought it in a shop on level 2 of the Orcish Mines)

   It affects your strength (+3).
   It protects you from negative energy.
   It affects your resistance to hostile enchantments.
   It causes draining when unequipped.
Jewellery
 o - a +3 amulet of reflection (around neck)
 s - a +2 ring of slaying (left hand)
 M - an uncursed ring of magical power {unknown}
Wands
 c - a wand of clouds (7)
 i - a wand of flame (21)
 z - a wand of polymorph (2)
 E - a wand of iceblast (19)
 N - a wand of digging (3) {@v2}
Scrolls
 h - 4 scrolls of fear
 l - 14 scrolls of remove curse {@r6}
 q - 7 scrolls of identify {@r1}
 r - 4 scrolls of immolation {@r4}
 t - 10 scrolls of teleportation {@r2}
 D - 3 scrolls of blinking {@r3}
 F - 4 scrolls of enchant weapon
 L - a scroll of silence
 O - 2 scrolls of magic mapping {@r5}
Potions
 b - 4 potions of invisibility
 f - a potion of mutation
 j - 3 potions of stabbing {@q5}
 k - 7 potions of might {@q3}
 m - 3 potions of resistance {@q6}
 n - 5 potions of haste {@q4}
 p - 5 potions of curing {@q1}
 u - 4 potions of berserk rage
 v - 3 potions of ambrosia
 w - 3 potions of magic
 x - 5 potions of lignification {@q7}
 A - a potion of cancellation
 J - 2 potions of flight
Miscellaneous
 d - a lightning rod (4/4)
Comestibles
 e - 39 rations
 P - 2 chunks of flesh


   Skills:
 * Level 12.8 Fighting
 * Level 14.8 Axes
 + Level 11.2 Armour
 + Level 4.0 Dodging
 + Level 11.2 Shields
 * Level 16.2 Invocations


You had 14 spell levels left.
You didn't know any spells.
Your spell library was empty.

Dungeon Overview and Level Annotations

Branches:
Dungeon (15/15)            Temple (0/1) D:5            Lair (4/6) D:9
 Shoals (1/4) Lair:2       Spider (0/4) Lair:4          Orc (2/2) D:11
    Elf (0/3) Orc:2        Vaults (0/5) D:13         Depths (0/5) D:15
  Sewer (visited)         Ossuary (visited)         Volcano (visited)

Altars:
Gozag
Makhleb
Okawaru
Ru
Trog
Uskayaw
Wu Jian
Xom
Yredelemnul
Zin

Shops:
D:8 *   D:9 *   Orc:1 }   Orc:2 [}!*

Portals:
Pandemonium: Orc:2

Annotations:
D:7 1 runed translucent door
Lair:1 exclusion: 3 oklob plants
Orc:2 1 transporter


Innate Abilities, Weirdness & Mutations

You are resistant to damage.
You can heal yourself by infusing magical energy.
You resist negative energy. (rN+)
You passively map the area around you.
You do not regenerate.


Message History

You block the merfolk impaler's attack.
The merfolk struggles against the net.
The net rips apart, and the merfolk comes free!
The merfolk hits you but does no damage.
You slice the merfolk!!
The merfolk is heavily wounded.
You slash the merfolk!
You kill the merfolk!
Makhleb accepts your kill.
You feel better.
You hear a splash.
The pull of its song draws you forwards.
The merfolk avatar chants its luring song.
You don't have enough innate magic capacity.
You cannot move away from the merfolk avatar!
You are too injured to fight recklessly!
You are too injured to fight recklessly!
You are too injured to fight recklessly!
You are too injured to fight recklessly!
You are too injured to fight recklessly!
You are too injured to fight recklessly!
The merfolk throws a throwing net.
You reflect the throwing net off an invisible shield around you!
The throwing net hits the merfolk.
The merfolk is caught in the net!
The merfolk struggles against the net.
The merfolk avatar chants its luring song.
The merfolk struggles against the net.
The merfolk avatar chants its luring song.
The merfolk struggles against the net.
The merfolk struggles against the net.
The merfolk avatar chants its luring song.
The merfolk struggles against the net.
The net rips apart, and the merfolk comes free!
The merfolk avatar chants its luring song.
You slice the merfolk avatar!!
The merfolk avatar is moderately wounded.
The merfolk impaler hits you but does no damage.
The merfolk avatar chants its luring song.
You hit the merfolk avatar but do no damage.
The merfolk avatar is moderately wounded.
You block the merfolk impaler's attack.
The merfolk avatar chants its luring song.
You closely miss the merfolk avatar.
The merfolk avatar is moderately wounded.
The merfolk impaler hits you but does no damage.
You block the merfolk's attack.
The merfolk avatar chants its luring song.
You block the merfolk impaler's attack.
You hit the merfolk avatar.
The merfolk avatar is moderately wounded.
You block the merfolk's attack.
The merfolk impaler hits you from afar with a +0 trident!
* * * LOW HITPOINT WARNING * * *
The merfolk avatar chants its luring song.
You slice the merfolk avatar!!
The merfolk avatar is heavily wounded.
You block the merfolk impaler's attack. You block the merfolk's attack.
You closely miss the merfolk avatar.
The merfolk avatar is heavily wounded.
The merfolk avatar chants its luring song.
You block the merfolk impaler's attack.
You barely miss the merfolk avatar.
The merfolk avatar is heavily wounded.
The merfolk hits you but does no damage.
The merfolk impaler hits you but does no damage.
You block the merfolk's attack.
The merfolk impaler hits you from afar with a +0 trident.
* * * LOW HITPOINT WARNING * * *
The merfolk hits you but does no damage.
You are poisoned.
The merfolk avatar chants its luring song.
You block the merfolk impaler's attack. You block the merfolk's attack.
You closely miss the merfolk avatar.
The merfolk avatar is heavily wounded.
You completely miss the merfolk impaler.
The merfolk impaler hits you with a +0 trident.
* * * LOW HITPOINT WARNING * * *
The merfolk avatar chants its luring song.
You block the merfolk's attack.
The merfolk impaler hits you with a +0 trident.
The merfolk hits you from afar with a +0 trident!
* * * LOW HITPOINT WARNING * * *
You completely miss the merfolk avatar.
The merfolk avatar is heavily wounded.
You slash the merfolk impaler! The merfolk impaler misses you.
The merfolk hits you from afar with a +0 trident of venom!
* * * LOW HITPOINT WARNING * * *
You are more poisoned.
The merfolk avatar chants its luring song.
You block the merfolk impaler's attack.
The merfolk impaler hits you but does no damage.
You block the merfolk's attack.
The merfolk hits you from afar with a +0 trident of venom!
* * * LOW HITPOINT WARNING * * *
You are lethally poisoned!
You block the merfolk impaler's attack.
The merfolk avatar chants its luring song.
You slice the merfolk avatar!!
The merfolk avatar is almost dead.
You barely miss the merfolk impaler.
You die...

≈ * ### #.)).....≈≈≈.≈
#.###........≈≈≈≈≈ ,,,
#.....).$..#..≈≈≈≈ ≈≈ ,
##....).)(.##..≈≈≈≈ ≈,
###.≈.....≈.≈....≈≈≈≈ , *
##....≈....≈≈≈≈≈.≈≈...
#...mm≈....≈≈≈≈≈≈≈≈≈≈≈ ≈
,.###.≈≈..m......≈≈)≈≈≈≈≈≈
≈ ≈
.....≈≈≈@......≈..≈.≈≈≈≈≈
, ≈
....≈≈≈m≈≈..≈..?...≈≈≈..≈
,
≈..≈≈≈≈≈≈≈≈≈≈.##.≈≈≈≈≈..≈
,≈
≈≈≈≈≈≈≈≈≈≈...##..≈≈≈≈≈≈.≈
,
≈.≈≈≈≈≈≈≈≈.........≈≈..≈≈
≈
≈≈≈≈≈≈≈≈≈≈≈≈≈....##..()≈.
≈
≈≈≈≈≈≈≈≈≈≈≈≈≈≈≈≈.###...≈≈#
≈
≈≈≈≈≈≈≈≈≈≈≈≈.≈≈≈.....≈≈.#
≈≈ ≈≈≈≈≈≈≈≈≈≈≈≈≈...≈≈≈≈.


You could see a merfolk avatar, a merfolk impaler and 2 merfolk.

Vanquished Creatures
  Harold (Lair:1)
  A merfolk avatar (Shoals:1)
  A hydra (Lair:4)
  4 centaur warriors
  An ogre mage (D:15)
  2 merfolk aquamancers (Shoals:1)
  Erica (D:8)
  8 two-headed ogres
  Urug (D:13)
  2 tengu warriors
  5 orc high priests (Orc:2)
  A soul eater (Orc:2)
  A shadow wraith (D:14)
  6 skeletal warriors (D:13)
  4 unseen horrors
  A torturous demonspawn (Orc:2)
  A wolf spider zombie (D:14)
  10 orc sorcerers
  A harpy (shapeshifter) (D:15)
  14 ugly things
  6 orc knights
  3 cyclopes (D:15)
  A moth of wrath (shapeshifter) (D:15)
  3 elephants (Lair:2)
  3 manticores
  3 merfolk sirens (Shoals:1)
  Joseph (D:7)
  2 black mambas
  A smoke demon (Volcano)
  6 spiny frogs
  A gargoyle (D:14)
  2 yaktaurs
  A red devil (Volcano)
  2 komodo dragons (Lair:1)
  3 jumping spiders (Lair:4)
  3 merfolk (Shoals:1)
  A hornet (D:14)
  A troll (Orc:2)
  3 blink frogs (Lair:4)
  10 hippogriffs
  3 slime creatures (D:15)
  A redback (shapeshifter) (D:15)
  A tarantella (shapeshifter) (D:15)
  Sigmund (D:4)
  A spriggan (D:7)
  A wraith (D:11)
  A vampire (D:13)
  6 water elementals
  19 yaks
  5 wyverns
  A fire elemental (D:13)
  A fire bat (Lair:2)
  5 basilisks
  16 humans (D:13)
  3 vampire mosquitoes (D:12)
  3 hungry ghosts
  Menkaure (D:4)
  A soldier ant (shapeshifter) (D:15)
  6 wargs
  7 water moccasins
  2 acid dragons
  2 hell hounds (Volcano)
  10 porcupines
  Duvessa (D:5)
  26 orc warriors
  Purgy (Sewer)
  2 sky beasts
  12 ice beasts
  A hornet zombie (D:14)
  A phantom (D:13)
  2 black bears
  A necrophage (D:6)
  21 wolves
  10 ogres
  5 boggarts (D:15)
  5 centaurs
  9 crocodiles
  A big kobold (D:13)
  A gnoll sergeant (D:9)
  13 bullfrogs
  A hornet simulacrum (D:14)
  Dowan (D:5)
  9 wights
  11 killer bees
  A howler monkey (D:11)
  2 electric eels (D:15)
  A lava snake (D:13)
  5 crimson imps
  A bullfrog zombie (D:8)
  4 centaur zombies
  3 jellies
  5 hounds
  A human zombie (D:7)
  18 orc priests
  17 orc wizards
  3 bullfrog skeletons
  7 centaur skeletons
  2 iguanas
  10 worker ants
  Natasha (thrice) (D:4)
  A hound skeleton (D:5)
  8 mummies (Ossuary)
  A howler monkey zombie (D:8)
  17 adders
  4 gnolls
  6 shadow imps
  2 oozes
  2 adder skeletons
  4 worms
  A dart slug (D:2)
  5 leopard geckos
  56 orcs
  11 giant cockroaches
  6 goblins
  4 hobgoblins
  10 jackals
  13 kobolds
  A ball python (D:3)
  3 bats
  5 frilled lizards
  A goblin zombie (D:7)
  2 hobgoblin zombies (Ossuary)
  A jackal skeleton (D:8)
  A jackal zombie (D:5)
  3 kobold zombies (Ossuary)
  A leopard gecko skeleton (D:4)
  3 orc zombies (Ossuary)
  A quokka zombie (D:5)
  5 rats
  A butterfly (Lair:1)
  A fungus (Lair:3)
616 creatures vanquished.

Vanquished Creatures (collateral kills)
  3 skeletal warriors (D:13)
  A torturous demonspawn (Orc:2)
  An infernal demonspawn (Orc:2)
  A manticore (D:13)
  A rust devil (Orc:2)
  An acid dragon (D:13)
  4 orc warriors (Orc:2)
  A lava snake (D:13)
  2 orc priests (Orc:2)
  6 orcs
21 creatures vanquished.

Vanquished Creatures (others)
  A centaur warrior (D:15)
  A deep elf mage (D:14)
  A merfolk (Shoals:1)
  An orc warrior (Orc:2)
  2 orcs (D:15)
  2 fungi (D:9)
  7 plants
15 creatures vanquished.

Grand Total: 652 creatures vanquished

Notes
Turn   | Place    | Note
-------+----------+-------------------------------------------
     0 | D:1      | EnegeticOcto the Deep Dwarf Fighter began the quest for the
                  | Orb.
     0 | D:1      | Reached XP level 1. HP: 20/20 MP: 1/1
   100 | D:1      | Reached XP level 2. HP: 24/27 MP: 2/2
   306 | D:2      | Reached XP level 3. HP: 18/34 MP: 3/3
   491 | D:2      | Found an ornate altar of the Wu Jian Council.
   545 | D:2      | Found a shimmering altar of Xom.
   914 | D:2      | Reached XP level 4. HP: 27/42 MP: 3/3
  1023 | D:3      | Found a glowing drain.
  1049 | Sewer    | Entered a sewer
  1169 | Sewer    | Noticed Purgy
  1188 | Sewer    | Killed Purgy
  1188 | Sewer    | Reached XP level 5. HP: 30/50 MP: 3/3
  1455 | D:3      | Found an iron altar of Okawaru.
  1456 | D:3      | Found a sacrificial altar of Ru.
  1706 | D:4      | Noticed Menkaure
  1720 | D:4      | Killed Menkaure
  1720 | D:4      | Reached XP level 6. HP: 55/58 MP: 2/2
  1807 | D:4      | Noticed a water moccasin
  1818 | D:4      | Killed a water moccasin
  1818 | D:4      | Reached skill level 5 in Axes
  1853 | D:4      | Found a burning altar of Makhleb.
  1853 | D:4      | Found a bloodstained altar of Trog.
  1893 | D:4      | Noticed Natasha
  1898 | D:4      | Killed Natasha
  1898 | D:4      | Reached XP level 7. HP: 46/66 MP: 3/3
  1942 | D:4      | Became a worshipper of Makhleb the Destroyer
  2036 | D:4      | Noticed Sigmund
  2037 | D:4      | Found a sand-covered staircase.
  2045 | D:4      | Killed Sigmund
  2045 | D:4      | Reached skill level 1 in Invocations
  2051 | Ossuary  | Entered an ossuary
  2089 | Ossuary  | Reached skill level 5 in Fighting
  2089 | Ossuary  | Reached skill level 2 in Invocations
  2097 | Ossuary  | Reached * piety under Makhleb
  2269 | D:4      | Reached skill level 5 in Shields
  2282 | D:4      | Found a hide-covered altar of Uskayaw.
  2406 | D:4      | Noticed Natasha
  2411 | D:4      | Reached skill level 5 in Armour
  2418 | D:4      | Killed Natasha
  2418 | D:4      | Reached skill level 3 in Invocations
  2525 | D:4      | Noticed Natasha
  2535 | D:4      | Killed Natasha
  2594 | D:5      | Entered Level 5 of the Dungeon
  2598 | D:5      | Reached XP level 8. HP: 59/75 MP: 6/6
  2633 | D:5      | Reached skill level 4 in Invocations
  2647 | D:5      | Found a staircase to the Ecumenical Temple.
  2774 | D:5      | Noticed Duvessa
  2774 | D:5      | Noticed Dowan
  2814 | D:5      | Killed Dowan
  2834 | D:5      | Killed Duvessa
  3092 | D:6      | Reached ** piety under Makhleb
  3209 | D:6      | Reached skill level 5 in Invocations
  3356 | D:6      | Found a burning altar of Makhleb.
  3615 | D:7      | Gained mutation: You passively map the area around you.
                  | [Deep Dwarf growth]
  3615 | D:7      | Reached XP level 9. HP: 56/82 MP: 4/4
  3653 | D:7      | Found a runed translucent door.
  3657 | D:7      | Found a basalt altar of Yredelemnul.
  3715 | D:7      | Noticed Joseph
  3739 | D:7      | Killed Joseph
  3739 | D:7      | Reached skill level 6 in Invocations
  3834 | D:7      | Found a glowing silver altar of Zin.
  4195 | D:8      | Reached *** piety under Makhleb
  4383 | D:8      | Noticed Erica
  4394 | D:8      | Reached skill level 7 in Invocations
  4408 | D:8      | Killed Erica
  4538 | D:8      | Reached skill level 8 in Invocations
  4538 | D:8      | Reached XP level 10. HP: 94/94 MP: 4/6
  4660 | D:8      | Found Tostex's Assorted Antiques.
  4665 | D:8      | Bought a scroll labeled DUWIHO NOGEUR for 27 gold pieces
  4748 | D:9      | Found Cuesiege's General Store.
  4761 | D:9      | Bought a scroll of blinking for 97 gold pieces
  4761 | D:9      | Bought a scroll of blinking for 97 gold pieces
  5011 | D:9      | Found a staircase to the Lair.
  5034 | D:9      | Reached **** piety under Makhleb
  5050 | D:9      | Reached skill level 9 in Invocations
  5415 | D:10     | Entered Level 10 of the Dungeon
  5948 | D:11     | Noticed a two-headed ogre
  5957 | D:11     | Killed a two-headed ogre
  5975 | D:11     | Found a staircase to the Orcish Mines.
  6065 | D:11     | Noticed a two-headed ogre
  6076 | D:11     | Killed a two-headed ogre
  6076 | D:11     | Reached skill level 10 in Axes
  6076 | D:11     | Reached skill level 10 in Invocations
  6076 | D:11     | Reached XP level 11. HP: 64/104 MP: 5/5
  6243 | D:11     | Noticed a red ugly thing
  6251 | D:11     | Killed a red ugly thing
  6853 | Lair:1   | Entered Level 1 of the Lair of Beasts
  6898 | Lair:1   | Noticed an oklob plant
  6898 | Lair:1   | Noticed an oklob plant
  6914 | Lair:1   | Noticed Harold
  6943 | Lair:1   | Killed Harold
  6978 | Lair:1   | Reached skill level 11 in Invocations
  6979 | Lair:1   | Found a dark tunnel.
  6987 | Volcano  | Entered a volcano
  7006 | Volcano  | Noticed a red ugly thing
  7020 | Volcano  | Killed a red ugly thing
  7045 | Volcano  | Noticed an orc sorcerer
  7046 | Volcano  | Noticed a red ugly thing
  7054 | Volcano  | Killed an orc sorcerer
  7071 | Volcano  | Killed a red ugly thing
  7157 | Volcano  | Reached ***** piety under Makhleb
  7402 | Lair:1   | Noticed an oklob plant
  8109 | Lair:2   | Reached XP level 12. HP: 78/116 MP: 4/4
  8154 | Lair:2   | Reached skill level 12 in Invocations
  8226 | Lair:2   | Noticed Sonja
  8230 | Lair:2   | Noticed Sonja
  8230 | Lair:2   | Sonja changed into Sonja the fire bat
  8233 | Lair:2   | Killed Sonja the fire bat
  8290 | Lair:2   | Reached skill level 10 in Fighting
  8389 | Lair:2   | Found a staircase to the Shoals.
  9455 | Lair:4   | Noticed a five-headed hydra
  9475 | Lair:4   | Killed an 11-headed hydra
  9641 | Lair:4   | Reached skill level 13 in Invocations
  9779 | Lair:4   | Found a hole to the Spider Nest.
 10422 | D:12     | Reached XP level 13. HP: 104/124 MP: 5/5
 10918 | D:12     | Reached ****** piety under Makhleb
 11453 | Orc:1    | Entered Level 1 of the Orcish Mines
 11868 | Orc:1    | Found Baunluov's Gadget Shoppe.
 11928 | Orc:2    | Entered Level 2 of the Orcish Mines
 12049 | Orc:2    | Found a transporter.
 12053 | Orc:2    | Found a staircase to the Elven Halls.
 12232 | Orc:2    | Found Tef Risu's Distillery.
 12233 | Orc:2    | Found Caok's General Store.
 12350 | Orc:2    | Reached skill level 14 in Invocations
 12368 | Orc:2    | Bought a scroll of teleportation for 36 gold pieces
 12368 | Orc:2    | Bought a potion of might for 48 gold pieces
 12368 | Orc:2    | Bought a potion of curing for 36 gold pieces
 12370 | Orc:2    | Bought a potion of might for 48 gold pieces
 12370 | Orc:2    | Bought a potion of haste for 120 gold pieces
 12370 | Orc:2    | Bought a potion of heal wounds for 60 gold pieces
 12370 | Orc:2    | Bought a potion of invisibility for 96 gold pieces
 12531 | Orc:2    | Reached skill level 10 in Shields
 12690 | Orc:2    | Paralysed by an orc sorcerer for 7 turns
 12843 | Orc:2    | Reached skill level 10 in Armour
 13405 | Orc:2    | Found Deller's Gadget Boutique.
 13405 | Orc:2    | Found a one-way gate leading to the halls of Pandemonium.
 13405 | Orc:2    | Found Onudud's Antique Armour Shop.
 13443 | Orc:2    | Bought a pair of scorched gloves for 237 gold pieces
 13453 | Orc:2    | Identified the +2 pair of gloves of Sunlight {*Drain rN+
                  | MR+ Str+3} (You bought it in a shop on level 2 of the
                  | Orcish Mines)
 13562 | D:13     | Found a gate to the Vaults.
 13562 | D:13     | Noticed Urug
 13573 | D:13     | Gained mutation: You resist negative energy. (rN+) [Deep
                  | Dwarf growth]
 13573 | D:13     | Reached XP level 14. HP: 73/136 MP: 2/2
 13582 | D:13     | Killed Urug
 13635 | D:13     | Reached skill level 15 in Invocations
 14091 | D:13     | Reached skill level 1 in Dodging
 14547 | D:14     | Found an opulent altar of Gozag.
 15150 | D:15     | Entered Level 15 of the Dungeon
 15160 | D:15     | Found a frozen archway.
 15599 | D:15     | Reached skill level 16 in Invocations
 15637 | D:15     | Reached XP level 15. HP: 146/146 MP: 3/3
 16264 | D:15     | Found a staircase to the Depths.
 16440 | Shoals:1 | Entered Level 1 of the Shoals
 16604 | Shoals:1 | HP: 3/146 [merfolk/+0 trident of venom (12)]
 16605 | Shoals:1 | Succumbed to a merfolk's poison

Levels and vault maps discovered:
D:1:      kilobyte_arrival_exit_the_forest, layout_loops_ring,
          roderic_filled_cross
D:2:      minmay_recursive_quarters, layout_loops_cross, marbit_many_paths,
          nicolae_overflow_crystal_walls
D:3:      layout_basic, gammafunk_temple_overflow_pools, portal_sewer_entry_f,
          serial_rivers, chequers_serial_rivers_small_3,
          chequers_serial_rivers_micro_b, chequers_serial_rivers_room_b,
          chequers_serial_rivers_micro_e, first_ration
D:4:      layout_loops_cross, gammafunk_temple_overflow_elements,
          eat_drink_and_be_merry_uskayaw, nicolae_ossuary_entry_monument,
          uniq_menkaure, uniq_sigmund, uniq_natasha
D:5:      layout_rooms, minmay_temple_entry_ruins, uniq_duvessa
D:6:      layout_loops_ring, minmay_misc_feat_tiny, bloody_makhleb
D:7:      layout_cave_pools, basic_altar, the_bakery, dk_yredelemnul_ordeal,
          uniq_joseph
D:8:      layout_cave_pools, serial_shops, kennysheep_little_box,
          corexii_corridor_pit, chequers_decorated_corner, uniq_erica
D:9:      layout_small_grid, minmay_lair_entry_grove, serial_shops, shop
D:10:     layout_rooms, grunt_decor_mini_mirrors, due_unseen_surprise
D:11:     layout_cave_pods, minmay_orc_entry_guard_dogs
D:12:     layout_long_grid, st_stairs_11, hangedman_glass_teeth
D:13:     layout_basic, david_vaults_3
D:14:     layout_roguey, chequers_serial_rivers_micro_c,
          nicolae_gozag_cash_rules_everything_around_me
D:15:     gammafunk_enter_depths_forms, layout_basic,
          portal_ice_cave_entry_ice_beasts, solitary_fountain,
          serial_bayou_lagoon_b
Lair:1:   dpeg_oklob_gauntlet, layout_loops_ring,
          nicolae_volcano_entry_lava_flow, minivault_19,
          infiniplex_staircase_pool, lemuel_fruit_fields,
          minmay_lair_oklob_chamber, uniq_harold
Lair:2:   layout_chaotic_city, minmay_shoals_entry_beasts, uniq_sonja
Lair:3:   layout_hall_layers, small_statue_intersection
Lair:4:   layout_gridlike, spider_nest_entry_a
Shoals:1: layout_shoals
Orc:1:    layout_caves, serial_shops, nicolae_shop_crystal
Orc:2:    pf_orc_diabolical, layout_diamond_mine,
          gammafunk_ghost_berserking_beasts

Skill      XL: |  1  2  3  4  5  6  7  8  9 10 11 12 13 14 15 |
---------------+----------------------------------------------+-----
Fighting       | 3 4 5 6 7 8 9 10 11 12 | 12.8
Axes           | 3 4 5 6 7 8 10 11 12 13 14 | 14.8
Armour         | 4 5 6 7 8 9 10 11 | 11.2
Shields        | 4 5 6 7 8 9 10 11 | 11.2
Invocations    | 3 5 8 10 11 13 14 16 | 16.2
Dodging        | 3 4 |  4.0

Action                   |  1- 3 |  4- 6 |  7- 9 | 10-12 | 13-15 || total
-------------------------+-------+-------+-------+-------+-------++-------
Melee: War axe           |   113 |   169 |   471 |   185 |       ||   938
       Broad axe         |       |       |       |   542 |  1145 ||  1687
Invok: Lesser Servant of |       |       |       |       |    10 ||    10
 Abil: Heal Wounds       |     1 |     6 |    27 |    25 |    38 ||    97
Evoke: Wand              |       |       |       |     4 |       ||     4
  Use: Scroll            |       |       |    17 |    15 |     4 ||    36
       Potion            |       |       |     2 |       |    11 ||    13
 Stab: Distracted        |       |       |       |       |     1 ||     1
  Eat: Chunk             |       |     4 |     9 |    14 |    16 ||    43
       Ration            |       |       |       |     7 |     2 ||     9
Armor: Scale mail        |    82 |    91 |   105 |       |       ||   278
       Plate armour      |       |       |   105 |   235 |       ||   340
       Chain mail        |       |       |       |   361 |   577 ||   938
Dodge: Dodged            |    54 |    62 |    98 |   201 |   314 ||   729
Block: Kite shield       |    74 |   111 |   255 |   734 |  1025 ||  2199
       Reflection        |       |       |       |       |    43 ||    43

Table legend:
 A = Non-vault XP
 B = Vault XP
 C = Vault XP percentage of total XP
 D = Non-vault monster count
 E = Vault monster count
 F = Vault count percentage of total count
                 A         B        C        D         E       F
            +---------+---------+-------+---------+---------+-------
      Total |   76754 |   37320 |  32.7 |     463 |     176 |  27.5
            +---------+---------+-------+---------+---------+-------
        D:1 |      27 |       0 |   0.0 |      16 |       0 |   0.0
        D:2 |      64 |      20 |  23.8 |      12 |       5 |  29.4
        D:3 |      92 |       8 |   8.0 |      25 |       4 |  13.8
        D:4 |     463 |     427 |  48.0 |      19 |       3 |  13.6
        D:5 |     455 |     207 |  31.3 |      22 |       2 |   8.3
        D:6 |     532 |       0 |   0.0 |      15 |       0 |   0.0
        D:7 |     256 |     728 |  74.0 |      13 |       4 |  23.5
        D:8 |    1165 |     897 |  43.5 |      22 |       1 |   4.3
        D:9 |     790 |    1833 |  69.9 |      14 |      12 |  46.2
       D:10 |     615 |       0 |   0.0 |      13 |       0 |   0.0
       D:11 |    4947 |     647 |  11.6 |      23 |       4 |  14.8
       D:12 |    4958 |     513 |   9.4 |      35 |       3 |   7.9
       D:13 |   11030 |    5940 |  35.0 |      43 |      20 |  31.7
       D:14 |    8858 |       0 |   0.0 |      27 |       0 |   0.0
       D:15 |   16899 |    4217 |  20.0 |      33 |      20 |  37.7
     Lair:1 |    2436 |    1280 |  34.4 |      10 |       3 |  23.1
     Lair:2 |    5018 |     918 |  15.5 |      26 |       3 |  10.3
     Lair:3 |    4054 |       0 |   0.0 |      25 |       0 |   0.0
     Lair:4 |    4396 |     921 |  17.3 |      14 |       3 |  17.6
   Shoals:1 |    5994 |       0 |   0.0 |      16 |       0 |   0.0
      Orc:1 |    2046 |       0 |   0.0 |      26 |       0 |   0.0
      Orc:2 |    1659 |   15518 |  90.3 |      14 |      60 |  81.1
      Sewer |       0 |     144 | 100.0 |       0 |       6 | 100.0
    Ossuary |       0 |     150 | 100.0 |       0 |      16 | 100.0
    Volcano |       0 |    2952 | 100.0 |       0 |       7 | 100.0
            +---------+---------+-------+---------+---------+-------
